Map: King's Cove LE

Players

Sockosophie - Winner!

  • Race: Protoss Protoss
  • League: Diamond
  • Spawn Location: 5:00

Rafcio

  • Race: Protoss Protoss
  • League: Master
  • Spawn Location: 11:00

VOD

Have the link to the VOD?

Description

Time

  • Played on: March 30, 2019, 4:49 p.m.
  • Length: 8:22
Show
View Real Time Build Order
Export as new Build Order

Sockosophie Protoss - Winner!

Build Orders: Nexus First, Dark Templar Rush 

Get SALT Encoding   

  12  0:00  Probe  
  13  0:41  Nexus  
  13  1:01  Assimilator  
  13  1:03  Assimilator  
  13  1:05  Pylon  
  13  1:37  Gateway  
  13  1:39  Gateway  
  13  1:50  Probe  
  13  1:58  Probe  
  15  2:08  Probe  
  16  2:20  Probe  
  17  2:24  Cybernetics Core  
  17  2:27  Gateway  
  17  2:29  Gateway  
  17  2:33  Probe  
  18  2:42  Pylon  
  18  2:43  Warp Gate  
  18  2:46  Probe  
  19  3:01  Twilight Council  
  19  3:08  Probe  
  20  3:20  Probe  
  21  3:32  Probe  
  22  3:37  Dark Shrine  
  22  3:44  Probe  
  23  4:01  Probe  
  24  4:06  Pylon  
  24  4:13  Probe  
  25  4:50  Dark Templar x3  
  25  4:51  Dark Templar  
  33  4:57  Pylon  
  33  4:58  Probe  
  29  5:11  Nexus  
  29  5:12  Pylon  
  22  5:50  Dark Templar x2  
  26  6:09  Probe  
  26  6:11  Dark Templar  
  29  6:17  Probe  
  30  6:35  Dark Templar  
  32  6:53  Dark Templar  
  34  7:30  Dark Templar  
  34  7:31  Probe  
  34  7:32  Zealot x2  
  41  7:43  Probe  
  41  7:53  Dark Templar  
  41  7:55  Probe  
  44  8:07  Probe  
  44  8:11  Dark Templar  
Show
View Real Time Build Order
Export as new Build Order

Rafcio Protoss 

Build Orders:  

Get SALT Encoding   

  12  0:00  Probe  
  13  0:13  Probe  
  14  0:19  Pylon  
  14  0:24  Probe  
  15  0:33  Probe  
  15  0:40  Gateway  
  15  0:41  Probe  
  17  0:51  Probe  
  17  0:54  Assimilator  
  18  1:00  Probe, Assimilator  
  19  1:08  Probe  
  19  1:14  Gateway  
  19  1:17  Probe  
  21  1:28  Cybernetics Core  
  22  1:32  Probe  
  22  1:41  Pylon  
  22  1:45  Probe  
  23  1:59  Stalker  
  23  2:02  Zealot  
  23  2:07  Pylon  
  27  2:16  Shield Battery  
  27  2:22  Warp Gate  
  27  2:28  Pylon  
  27  2:36  Stalker  
  29  2:45  Shield Battery  
  29  2:52  Stalker  
  31  3:07  Stalker  
  31  3:12  Pylon  
  33  3:18  Gateway  
  33  3:22  Sentry  
  35  3:35  Robotics Facility  
  35  3:44  Stalker  
  37  3:58  Stalker  
  39  4:14  Pylon, Stalker  
  41  4:22  Pylon  
  41  4:25  Pylon  
  41  4:27  Pylon  
  41  4:32  Pylon  
  41  4:46  Zealot x2  
  45  4:58  Zealot  
  47  5:10  Stalker x2  
  51  5:20  Stalker  
  50  5:42  Pylon  
  50  5:43  Pylon  
  50  5:44  Pylon  
  43  6:06  Robotics Facility  
Tags
 
Add a new tag
Caveats
  • Supply blocks, unpowered buildings, or Contaminate may cause inaccurate times.
  • Supply counts are checked every 10 seconds.